 Dungeon Crawl Stone Soup version 0.28-a0-998-gb9e9c7b67e (webtiles) character file.

Game seed: 2984200614585633108

30657 Htamos the Devastator (level 13, 0/93 HPs)
             Began as a Felid Conjurer on Dec 6, 2021.
             Was a High Priest of Vehumet.
             Slain by a wolf spider (6 damage)
             ... on level 1 of the Spider Nest.
             The game lasted 01:58:13 (32965 turns).

Htamos the Devastator (Felid Conjurer)             Turns: 32965, Time: 01:58:13

Health: 0/93       AC:  3    Str:  3    XL:     13   Next: 21%
Magic:  2/26       EV: 28    Int: 21    God:    Vehumet [*****.]
Gold:   811        SH:  0    Dex: 16    Spells: 2/28 levels left
                                        Lives:  0   Deaths: 2

rFire   . . .      SeeInvis +     - Unarmed
rCold   + . .      Faith    .   (shield unavailable)
rNeg    . . .      Spirit   .   (armour unavailable)
rPois   .          Reflect  .   (helmet unavailable)
rElec   .          Harm     .   (cloak unavailable)
rCorr   .          Rampage  .   (gloves unavailable)
Will    +....                   (boots unavailable)
Stlth   ..........              f - amulet of magic regeneration
HPRegen 0.25/turn               A - ring of wizardry
MPRegen 0.60/turn               e - +4 ring of evasion

@: berserking, lethally poisoned (0 -> -27), very quick
A: very small, claws 1, fangs 3, see invisible, speed 1, shaggy fur 3, stealthy
paws, no weapons or thrown items, no armour, multi-lived, dopey 1
a: Renounce Religion


You were on level 1 of the Spider Nest.
You worshipped Vehumet.
Vehumet was extremely pleased with you.
You visited 5 branches of the dungeon, and saw 23 of its levels.

You collected 2571 gold pieces.
You spent 1760 gold pieces at shops.

Inventory:

Jewellery
 a - a ring of resist corrosion
 b - a +6 ring of strength
 e - a +4 ring of evasion (right paw)
 f - an amulet of magic regeneration (around neck)
 g - a ring of ice
 i - a ring of positive energy
 j - a ring of fire
 m - an amulet of guardian spirit
 u - a ring of protection from cold
 A - a ring of wizardry (left paw)
Wands
 F - a wand of flame (13)
Scrolls
 d - 4 scrolls of fog
 n - 8 scrolls of vulnerability
 p - 2 scrolls of noise
 q - 7 scrolls of amnesia
 t - 3 scrolls of magic mapping
Potions
 r - 2 potions of flight
 s - 3 potions of cancellation
 C - a potion of ambrosia
 D - a potion of haste
 G - a potion of mutation
Miscellaneous
 k - a piece from Xom's chessboard (15/15)


   Skills:
 + Level 10.5 Fighting
 + Level 10.9 Dodging
 - Level 8.0 Stealth
 + Level 6.1 Unarmed Combat
 - Level 8.0 Spellcasting
 - Level 15.0 Conjurations
 - Level 5.0 Hexes
 - Level 5.0 Necromancy
 - Level 9.0 Translocations
 - Level 5.0 Fire Magic
 - Level 6.5 Earth Magic
 * Level 4.3 Poison Magic


You had 2 spell levels left.
You knew the following spells:

 Your Spells              Type           Power      Damage    Failure   Level
a - Magic Dart            Conj           100%       1d8       0%          1
b - Fulminant Prism       Conj/Hex       25%        3d14      1%          4
c - Iskenderun's Mystic   Conj/Tloc      56%        2d12      1%          4
d - Poisonous Vapours     Pois/Air       34%        N/A       1%          2
e - Dispel Undead         Necr           29%        3d13      4%          4
f - Lee's Rapid Deconstr  Erth           17%        3d12*     1%          5
g - Starburst             Conj/Fire      25%        6d8       2%          6

Your spell library contained the following spells:

 Spells                   Type           Power      Damage    Failure   Level
 Iskenderun's Battlesphe  Conj           63%        2d11      1%          5
 Animate Skeleton         Necr           58%        N/A       1%          1
 Apportation              Tloc           92%        N/A       1%          1
 Shock                    Conj/Air       100%       1d9       1%          1
 Searing Ray              Conj           100%       2d8       1%          2
 Static Discharge         Conj/Air       39%        N/A       1%          2
 Summon Small Mammal      Summ           32%        N/A       3%          1
 Call Imp                 Summ           8%         N/A       4%          2
 Dazzling Flash           Conj/Hex       100%       N/A       1%          3
 Mephitic Cloud           Conj/Pois/Air  35%        N/A       1%          3
 Stone Arrow              Conj/Erth      100%       3d13      1%          3
 Olgreb's Toxic Radiance  Pois           26%        N/A       1%          4
 Sticky Flame             Conj/Fire      50%        2d7       1%          4
 Fireball                 Conj/Fire      25%        3d11      1%          5
 Lightning Bolt           Conj/Air       19%        1d34      1%          5
 Frozen Ramparts          Ice            16%        1d3       3%          3
 Summon Guardian Golem    Hex/Summ       18%        N/A       3%          3
 Animate Dead             Necr           14%        N/A       4%          4
 Borgnjor's Vile Clutch   Necr/Erth      16%        N/A       9%          5
 Call Canine Familiar     Summ           8%         N/A       10%         3
 Summon Forest            Summ/Tloc      13%        N/A       14%         5
 Ice Form                 Ice/Tmut       8%         N/A       30%         4
 Summon Ice Beast         Ice/Summ       8%         N/A       30%         4
 Alistair's Intoxication  Tmut/Pois      11%        N/A       32%         5
 Eringya's Noxious Bog    Tmut/Pois      8%         N/A       41%         6
 Death Channel            Necr           14%        N/A       50%         6
 Ozocubu's Refrigeration  Ice            4%         4d5       99%         7
 Ignition                 Fire           14%        3d6       99%         8
 Summon Hydra             Summ           4%         N/A       100%        7
 Maxwell's Capacitive Co  Air            4%         ∞         100%        8
 Fire Storm               Conj/Fire      25%        8d6       100%        9


Dungeon Overview and Level Annotations

Branches:
Dungeon (12/15)            Temple (1/1) D:6            Lair (6/6) D:8
  Swamp (0/4) Lair:2       Spider (2/4) Lair:3        Slime (0/5) Lair:6
    Orc (2/2) D:9             Elf (0/3) Orc:2

Altars:
Ashenzari
Cheibriados
Dithmenos
Elyvilon
Fedhas
Gozag
Hepliaklqana
Kikubaaqudgha
Makhleb
Nemelex Xobeh
Okawaru
Qazlal
Ru
Sif Muna
Trog
Uskayaw
Vehumet
Wu Jian
Xom
Yredelemnul
Zin
The Shining One

Shops:
D:5 [   D:7 :   Orc:2 [*(*:

Portals:
Abyss: Orc:1
Pandemonium: Orc:2

Annotations:
D:5 1 runed translucent door, exclusion: door, Crazy Yiuf, Ijyb
D:9 exclusion: 2 doors
D:10 exclusion: downstairs
Lair:1 exclusions: downstairs and oklob plant
Lair:6 2 runed translucent doors
Orc:1 2 transporters, Stonecrops's ghost, journeyman MiFi


Innate Abilities, Weirdness & Mutations

You have sharp claws.
You have razor-sharp teeth.
You have supernaturally acute eyesight. (SInv)
You cover ground quickly. (Speed+)
Your thick and shaggy fur keeps you warm. (AC +3, rC+)
Your paws help you pounce on unaware monsters.
You are incapable of wielding weapons or throwing items.
You cannot wear armour.
You gain extra lives every three experience levels.
You are dopey. (Int -2)


Message History

Casting: Iskenderun's Mystic Blast (safe; 1% risk of failure)
Confirm with . or Enter, or press ? or * to list all spells.
You erupt in a blast of force!
The mystic blast hits the wolf spider.
The wolf spider is lightly wounded.
The wolf spider is knocked back by the mystic blast.
The wolf spider slams into the rock wall!
The wolf spider is moderately wounded.
The mystic blast hits the wolf spider!
The wolf spider is moderately wounded.
The wolf spider is knocked back by the mystic blast.
* * * LOW MAGIC WARNING * * *
Unknown command.
A red film seems to cover your vision as you go berserk!
You feel yourself moving faster!
You feel mighty!
The entropy weaver shouts!
The wolf spider misses you. x2
You closely miss the wolf spider.
The wolf spider is moderately wounded.
The wolf spider barely misses you. x2
You claw the wolf spider!
The wolf spider is heavily wounded.
The wolf spider hits you!
* * * LOW HITPOINT WARNING * * *
The wolf spider completely misses you.
You barely miss the wolf spider.
The wolf spider is heavily wounded.
The wolf spider completely misses you. The wolf spider closely misses you. x2
The wolf spider barely misses you. The wolf spider completely misses you.
The wolf spider bites you!
* * * LOW HITPOINT WARNING * * *
You are lethally poisoned!
The wolf spider poisons you!
You claw the wolf spider!
The wolf spider is severely wounded.
* * * LOW HITPOINT WARNING * * *
You feel very sick. The wolf spider hits you.
* * * LOW HITPOINT WARNING * * *
The wolf spider bites you.
You die...

,*,^*,^,*
##.##.###......s...
***,*,***
##......###.........
*,,***,,*
#....#....###...#.#.
,,,*,,,**
##.#.................
,,*,,,,*
##.##....#..[.........
,,*,,,**
##.###......#.......#..
*#.,,**
##.###..#..#....#.......
s..,** ##.##
#.....B.......#....
...** ##.##
#.@s#..#......#.#.. ..#*
##.##
##†s....^#........# ###
##.##
#.............#...# #
##.##
##..............$..
##.## ##......$..#.....#
##.## #.!#.#†....######
##†## #.......###* ##.##
#......## #.##
##......###


You could see an entropy weaver and 2 wolf spiders.

Vanquished Creatures
  Josephine (D:11)
  Harold (Lair:2)
  9 hydras
  A boulder beetle (Lair:1)
  A demonspawn (Orc:2)
  8 death yaks
  4 two-headed ogres
  7 orc high priests (Orc:2)
  A lindwurm (Lair:6)
  12 wolf spiders
  7 orb spiders
  5 orc knights
  6 orc sorcerers
  A cyclops (Orc:2)
  4 elephants
  3 molten gargoyles (Lair:6)
  2 rust devils (Orc:2)
  11 black mambas
  Maggie (D:7)
  A smoke demon (Orc:2)
  10 cane toads
  2 kobold demonologists (D:11)
  A demonic crawler (Spider:1)
  9 komodo dragons
  2 rime drakes
  An ice devil (Orc:2)
  7 jumping spiders
  6 trolls
  4 polar bears
  A hornet (D:11)
  A shadow (D:9)
  Sigmund (D:4)
  19 redbacks
  9 tarantellas
  5 wyverns
  11 yaks
  4 wraiths (D:11)
  A hog (Spider:2)
  3 vampire mosquitoes
  Grum (D:8)
  4 steam dragons
  5 basilisks
  2 chaos spawn (Orc:2)
  Menkaure (D:7)
  2 swamp worms (Lair:2)
  9 water moccasins
  5 hell hounds (Lair:6)
  42 orc warriors
  A sky beast (D:5)
  A black bear (D:7)
  2 necrophages
  22 wolves
  7 ogres
  4 centaurs
  2 phantoms
  4 kobold brigands
  18 bullfrogs
  A gnoll sergeant (D:6)
  3 scorpions
  A water moccasin zombie (D:6)
  9 killer bees (D:8)
  A howler monkey (D:11)
  A wight (D:8)
  5 lava snakes (Lair:6)
  5 centaur zombies
  7 crimson imps (D:7)
  2 bullfrog zombies
  4 hounds
  5 jellies
  31 orc priests
  A bullfrog skeleton (D:7)
  3 centaur skeletons
  A scorpion zombie (D:4)
  3 iguanas
  13 orc wizards
  A killer bee zombie (D:8)
  A hound zombie (D:4)
  3 hound skeletons (D:4)
  A howler monkey zombie (D:9)
  Robin (D:4)
  8 gnolls
  A howler monkey skeleton (D:6)
  2 adders
  A white imp (D:7)
  An adder skeleton (D:4)
  2 adder zombies (D:4)
  A worm (D:3)
  4 dart slugs
  70 orcs
  2 bats
  5 endoplasms
  5 giant cockroaches
  13 hobgoblins
  4 jackals (D:1)
  19 kobolds
  2 quokkas
  9 ball pythons
  4 frilled lizards
  15 goblins
  5 rats
  2 fulminant prisms
593 creatures vanquished.

Vanquished Creatures (others)
  A komodo dragon (Lair:6)
  325 fulminant prisms
  38 fungi
  44 plants
  3 withered plants (D:4)
411 creatures vanquished.

Grand Total: 1004 creatures vanquished

Notes
Turn   | Place    | Note
-------+----------+-------------------------------------------
     0 | D:1      | Htamos the Felid Conjurer began the quest for the Orb.
     0 | D:1      | Reached XP level 1. HP: 7/7 MP: 4/4
   268 | D:1      | Reached skill level 1 in Fighting
   268 | D:1      | Reached skill level 1 in Unarmed Combat
   341 | D:1      | Reached XP level 2. HP: 12/12 MP: 4/6
   500 | D:1      | Found a faded altar of an unknown god.
  1151 | D:1      | Reached XP level 3. HP: 16/16 MP: 5/7
  1666 | D:2      | Found a glowing golden altar of the Shining One.
  2338 | D:3      | Reached XP level 4. HP: 20/20 MP: 5/8
  2753 | D:4      | Found an opulent altar of Gozag.
  2789 | D:4      | Noticed Robin
  2876 | D:4      | Killed Robin
  3040 | D:4      | Noticed Sigmund
  3048 | D:4      | Killed Sigmund
  3049 | D:4      | Reached XP level 5. HP: 24/24 MP: 9/9
  3063 | D:4      | Noticed a phantom
  3071 | D:4      | Killed a phantom
  3072 | D:4      | Gained mutation: You are covered in thick fur. (AC +2)
                  | [Felid growth]
  3072 | D:4      | Reached XP level 6. HP: 28/28 MP: 10/10
  3416 | D:4      | Reached skill level 5 in Stealth
  3590 | D:4      | Reached XP level 7. HP: 32/32 MP: 7/11
  3824 | D:4      | Reached skill level 5 in Dodging
  4341 | D:5      | Entered Level 5 of the Dungeon
  4515 | D:5      | Found a runed translucent door.
  4516 | D:5      | Noticed Crazy Yiuf
  4959 | D:5      | Learned a level 4 spell: Fulminant Prism
  4964 | D:5      | Learned a level 4 spell: Iskenderun's Mystic Blast
  5260 | D:5      | Found Yshumuha's Armour Boutique.
  5401 | D:5      | Reached skill level 5 in Fighting
  5401 | D:5      | Reached skill level 5 in Unarmed Combat
  5401 | D:5      | Reached XP level 8. HP: 37/37 MP: 10/12
  5573 | D:5      | Noticed Ijyb
  6166 | D:6      | You fall into a shaft and drop 2 floors!
  6596 | D:7      | Noticed Maggie
  6835 | D:8      | Noticed Grum
  7083 | D:6      | Found a staircase to the Ecumenical Temple.
  7199 | D:6      | Reached XP level 9. HP: 37/43 MP: 11/13
  7349 | Temple   | Entered the Ecumenical Temple
  7453 | Temple   | Became a worshipper of Vehumet
  8264 | D:6      | Reached skill level 10 in Dodging
  8736 | D:7      | Killed Maggie
  8737 | D:7      | Reached skill level 4 in Conjurations
  9506 | D:7      | Reached skill level 5 in Conjurations
  9575 | D:7      | Found Gimiraco's Book Emporium.
  9582 | D:7      | Noticed Menkaure
 10320 | D:8      | Found a staircase to the Lair.
 10560 | D:9      | Gained mutation: You are dopey. (Int -2) [potion of
                  | mutation]
 10605 | D:9      | Reached skill level 6 in Conjurations
 10634 | D:9      | Reached skill level 1 in Hexes
 11020 | D:9      | Noticed a two-headed ogre
 11116 | D:10     | Entered Level 10 of the Dungeon
 11118 | D:10     | Reached XP level 10. HP: 48/48 MP: 17/17
 11119 | D:10     | Reached * piety under Vehumet
 11119 | D:10     | Offered knowledge of Shock by Vehumet.
 11655 | D:10     | Reached skill level 5 in Spellcasting
 13383 | D:12     | Noticed a deep elf pyromancer
 13513 | D:9      | Reached skill level 5 in Hexes
 13631 | Lair:1   | Entered Level 1 of the Lair of Beasts
 13722 | Lair:1   | Noticed a cane toad
 13748 | Lair:1   | Noticed a black mamba
 13756 | Lair:1   | Killed a cane toad
 13760 | Lair:1   | Killed a black mamba
 14667 | Lair:1   | Reached XP level 11. HP: 52/52 MP: 22/22
 14772 | Lair:1   | Noticed a boulder beetle
 14839 | Lair:1   | Offered knowledge of Poisonous Vapours by Vehumet.
 14958 | Lair:1   | Reached ** piety under Vehumet
 15152 | Lair:1   | Noticed an oklob plant
 15454 | Lair:2   | Identified a scroll of acquirement
 15454 | Lair:2   | Acquired 644 gold pieces
 15716 | Lair:2   | Noticed Harold
 15800 | Lair:2   | Reached skill level 7 in Conjurations
 15987 | Lair:2   | Got the Collected Works on Confrontation
 16151 | Lair:3   | Learned a level 2 spell: Poisonous Vapours
 16178 | Lair:3   | Reached skill level 1 in Translocations
 16190 | Lair:3   | Noticed a five-headed hydra
 16608 | Lair:3   | Found a hole to the Spider Nest.
 17100 | Lair:3   | Killed a five-headed hydra
 17409 | Lair:3   | Got the Collected Works on Scorching Attacks
 17489 | Lair:4   | Identified the +5 war axe of the Blowfly {vorpal, rN+
                  | Will+}
 17533 | Lair:4   | Reached skill level 5 in Translocations
 17693 | Lair:4   | Reached skill level 8 in Conjurations
 17972 | Lair:3   | Reached skill level 10 in Fighting
 18514 | Lair:4   | Gained mutation: Your thick and shaggy fur keeps you warm.
                  | (AC +3, rC+) [Felid growth]
 18514 | Lair:4   | Reached XP level 12. HP: 35/58 MP: 14/25
 18913 | Lair:5   | Noticed a death yak
 18958 | Lair:5   | Noticed a four-headed hydra
 19004 | Lair:5   | Noticed a death yak
 19004 | Lair:5   | Noticed a death yak
 19053 | Lair:4   | Killed a death yak
 19057 | Lair:4   | Killed a death yak
 19058 | Lair:4   | Reached skill level 9 in Conjurations
 19125 | Lair:4   | Killed a death yak
 19347 | Lair:4   | Offered knowledge of Ignite Poison by Vehumet.
 20213 | Lair:5   | Killed a four-headed hydra
 20512 | Lair:6   | Entered Level 6 of the Lair of Beasts
 20522 | Lair:5   | Reached skill level 10 in Conjurations
 20788 | Lair:6   | Reached *** piety under Vehumet
 20901 | Lair:6   | Found a staircase to the Slime Pits.
 20958 | Lair:6   | Noticed a seven-headed hydra
 21020 | Lair:6   | Killed a seven-headed hydra
 21021 | Lair:6   | Reached skill level 11 in Conjurations
 21326 | Lair:6   | Noticed an eight-headed hydra
 21344 | Lair:6   | Offered knowledge of Conjure Flame by Vehumet.
 21372 | Lair:6   | Killed an eight-headed hydra
 21679 | Lair:6   | Reached skill level 12 in Conjurations
 22027 | Lair:6   | Noticed a six-headed hydra
 22069 | Lair:6   | Killed a six-headed hydra
 22070 | Lair:6   | Reached XP level 13. HP: 61/61 MP: 8/26
 22257 | Lair:6   | Reached **** piety under Vehumet
 22258 | Lair:6   | Reached skill level 13 in Conjurations
 22593 | Lair:6   | Offered knowledge of Hailstorm by Vehumet.
 22997 | Lair:6   | Noticed a fire dragon
 23054 | Lair:6   | Found a large runed translucent door.
 23054 | Lair:6   | Found a large runed translucent door.
 23824 | D:8      | Reached skill level 14 in Conjurations
 23857 | D:8      | Killed Grum
 24389 | D:7      | Killed Menkaure
 24413 | D:7      | Bought a book of Blasting for 480 gold pieces
 24413 | D:7      | Bought a book of Touch for 390 gold pieces
 24420 | D:7      | Learned a level 4 spell: Dispel Undead
 24426 | D:7      | Learned a level 5 spell: Lee's Rapid Deconstruction
 24433 | D:7      | Learned a level 6 spell: Starburst
 24757 | D:9      | Reached skill level 1 in Necromancy
 25004 | D:9      | Reached skill level 1 in Fire Magic
 25004 | D:9      | Reached skill level 1 in Earth Magic
 25157 | D:9      | Found a staircase to the Orcish Mines.
 25527 | D:11     | Noticed Josephine
 25572 | D:11     | Killed Josephine
 25805 | D:11     | Reached ***** piety under Vehumet
 25894 | D:11     | Found a hide-covered altar of Uskayaw.
 25900 | D:11     | Offered knowledge of Eringya's Noxious Bog by Vehumet.
 25904 | D:11     | Identified the +4 dagger of Slow Death {vorpal, rF+ Str+2}
 26275 | Orc:1    | Entered Level 1 of the Orcish Mines
 26820 | Orc:1    | Found a transporter.
 26821 | Orc:1    | Found a transporter.
 26821 | Orc:1    | Noticed a green very ugly thing
 26844 | Orc:1    | Found a one-way gate to the infinite horrors of the Abyss.
 27121 | Orc:1    | Identified the +9 hand axe of Might {vorpal, rF+}
 27347 | Orc:1    | Noticed Stonecrops's ghost (journeyman MiFi)
 27531 | Orc:2    | Entered Level 2 of the Orcish Mines
 27617 | Orc:2    | Found a staircase to the Elven Halls.
 27830 | Orc:2    | Found Magiur's Armour Emporium.
 28269 | Orc:2    | Offered knowledge of Airstrike by Vehumet.
 28364 | Orc:2    | Found Xelathan's General Store.
 28382 | Orc:2    | Reached XP level 14. HP: 66/66 MP: 18/27
 28424 | Orc:2    | Found Icousirph's General Store.
 29428 | Orc:2    | Reached skill level 5 in Necromancy
 29792 | Orc:2    | Found Ikafemp's Antique Weapon Emporium.
 29792 | Orc:2    | Found Atsiumnu's Book Shoppe.
 29792 | Orc:2    | Found a one-way gate leading to the halls of Pandemonium.
 29796 | Orc:2    | Bought a book of Unlife for 612 gold pieces
 29831 | Orc:2    | Bought 2 potions of heal wounds for 160 gold pieces
 29831 | Orc:2    | Bought a potion of curing for 48 gold pieces
 29833 | Orc:2    | Bought a potion of heal wounds for 70 gold pieces
 29950 | Orc:2    | Reached skill level 15 in Conjurations
 30731 | Lair:1   | Reached skill level 5 in Fire Magic
 30731 | Lair:1   | Reached skill level 5 in Earth Magic
 31177 | Lair:2   | Killed Harold
 31677 | Lair:2   | Found a staircase to the Swamp.
 31926 | Spider:1 | Entered Level 1 of the Spider Nest
 32198 | Spider:1 | Reached skill level 1 in Poison Magic
 32212 | Spider:1 | Offered knowledge of Iskenderun's Battlesphere by Vehumet.
 32278 | Spider:1 | HP: 1/66 [redback (9)]
 32278 | Spider:1 | Mangled by a jumping spider
 32279 | Spider:1 | Reached XP level 13. HP: -8/61 MP: 25/26
 32369 | Spider:1 | You fall into a shaft and drop 1 floor!
 32618 | Spider:2 | Reached XP level 14. HP: 66/66 MP: 5/27
 32745 | Spider:1 | Slain by a jumping spider
 32746 | Spider:1 | Reached XP level 13. HP: -5/62 MP: 12/26
 32965 | Spider:1 | Slain by a wolf spider

Illustrated notes

Levels and vault maps discovered:
D:1:      nzn_arrival_water_spiral, layout_basic,
          hellmonk_ecumenical_altar_lost_god
D:2:      layout_rooms, basic_altar, kennysheep_path_1
D:3:      layout_loops_corners
D:4:      layout_basic, grunt_gozag_breadcrumbs, serial_undead, serial_undead_c,
          serial_undead_d, serial_undead_c, serial_undead_f, uniq_robin,
          uniq_sigmund
D:5:      layout_gridville, serial_shops, nicolae_shop_stone,
          uniq_crazy_yiuf_cottage, uniq_ijyb
D:6:      layout_loops_ring, minmay_temple_entry_water_ring
D:7:      layout_loops_ring, serial_shops, nicolae_stop_n_shop_2,
          minmay_nine_imps, uniq_menkaure, uniq_maggie
D:8:      layout_gridville, lair_entry_dummy, enter_bailey_5,
          minmay_increasing_density, uniq_grum
D:9:      layout_roguey, david_orc_4
D:10:     layout_loops_ring, amethyst_killhole
D:11:     layout_roguey, nicolae_uskayaw_dance_studio, uniq_josephine
D:12:     layout_irregular_city
Temple:   mainiacjoe_temple_hex_bubbles
Lair:1:   layout_hall_layers, minmay_lair_oklob_items, nzn_sisyphean_effort
Lair:2:   layout_cave_shapes, palyth_hydra_swamp_entry,
          hangedman_lair_unloving_vines, nicolae_lair_lil_pond, uniq_harold
Lair:3:   layout_big_grid, spider_nest_entry_web_field
Lair:4:   statuecave_lemuel, layout_long_grid
Lair:5:   layout_hall_layers, lemuel_fruit_tree, grunt_megastairs_5
Lair:6:   cheibrodos_lair_end_hotspot, layout_small_grid,
          nicolae_slime_entry_slimehenge
Spider:1: layout_spider_delve, nicolae_spider_circle_web
Spider:2: layout_spider_delve, uniq_kirke
Orc:1:    layout_caves, gammafunk_ghost_abyssal_escape
Orc:2:    pf_orc_diabolical, layout_caves, serial_shops, shop_coins

Skill      XL: |  1  2  3  4  5  6  7  8  9 10 11 12 13 14 |
---------------+-------------------------------------------+-----
Fighting       | 1 2 3 4 5 7 8 10 | 10.5
Unarmed Combat | 1 2 3 5 6 |  6.1
Stealth        | 4 5 6 8 |  8.0
Dodging        | 3 4 6 9 10 | 10.9
Conjurations   | 6 8 12 14 15 | 15.0
Spellcasting   | 4 7 8 |  8.0
Hexes          | 1 5 |  5.0
Translocations | 7 9 |  9.0
Necromancy     | 3 5 |  5.0
Fire Magic     | 3 5 |  5.0
Earth Magic    | 3 6 |  6.5
Poison Magic   | 4 1 |  4.3

Action                   |  1- 3 |  4- 6 |  7- 9 | 10-12 | 13-15 || total
-------------------------+-------+-------+-------+-------+-------++-------
Melee: Unarmed           |     4 |    15 |    60 |   109 |    44 ||   232
       Bite              |     1 |     3 |     7 |    15 |     3 ||    29
       Punch             |       |       |     2 |       |     2 ||     4
 Cast: Magic Dart        |   105 |   106 |   518 |   379 |   235 ||  1343
       Iskenderun's Myst |       |       |       |    70 |   194 ||   264
       Fulminant Prism   |       |       |       |   116 |   211 ||   327
       Poisonous Vapours |       |       |       |   128 |   272 ||   400
Evoke: Wand              |       |     2 |    25 |     8 |    13 ||    48
       Piece from Xom's  |       |       |       |     1 |       ||     1
  Use: Potion            |     1 |     1 |    12 |    16 |    14 ||    44
       Scroll            |       |       |    14 |     7 |    19 ||    40
 Stab: Paralysed         |       |     6 |       |       |       ||     6
       Sleeping          |       |       |     3 |     1 |       ||     4
       Invisible         |       |       |     1 |       |       ||     1
Armor: Skin              |     1 |     3 |    34 |    11 |    12 ||    61
Dodge: Dodged            |     6 |    32 |   299 |   411 |   242 ||   990

Table legend: (Time is in decaauts)
 A = Elapsed time spent in this place.
 B = Non-inter-level travel time spent in this place.
 C = Inter-level travel time spent in this place.
 D = Time resting spent in this place.
 E = Time spent auto-exploring this place.
 F = Levels seen in this place.
 G = Mean time per level.
                   A        B        C        D        E       F      G
               +--------+--------+--------+--------+--------+-----+--------+
         Total |  29098 |  27609 |   1489 |   5875 |  13014 |  23 | 1265.1 |
       Dungeon |  15150 |  14236 |    914 |   1847 |   8185 |  12 | 1262.5 |
        Temple |    188 |    176 |     12 |      0 |    171 |   1 |  188.0 |
          Lair |   9615 |   9149 |    466 |   2774 |   3437 |   6 | 1602.5 |
   Spider Nest |    675 |    675 |      0 |    187 |     37 |   2 |  337.5 |
  Orcish Mines |   3468 |   3373 |     95 |   1067 |   1182 |   2 | 1734.0 |
               +--------+--------+--------+--------+--------+-----+--------+

Top non-repeatable levels by time:
  Lair:6: 2293 daAuts
   Orc:2: 2259 daAuts
     D:8: 2248 daAuts
  Lair:3: 1935 daAuts
    D:10: 1733 daAuts
  Lair:1: 1686 daAuts
     D:9: 1676 daAuts
     D:5: 1610 daAuts
  Lair:4: 1534 daAuts
     D:4: 1433 daAuts
     D:6: 1403 daAuts
  Lair:2: 1346 daAuts
     D:7: 1341 daAuts
    D:11: 1311 daAuts
   Orc:1: 1209 daAuts
